[Event "German Bundesliga 2024-25"]
[Site "Germany"]
[Date "2025.01.12"]
[Round "6"]
[White "Ferreira, Jorge Viterbo"]
[Black "Svidler, Peter"]
[Result "1/2-1/2"]
[Annotator "TA"]
[ECO "B51"]
[WhiteElo "2523"]
[BlackElo "2698"]
[PlyCount "48"]
[EventDate "2024.09.27"]
[EventType "team-tourn"]
[EventCountry "GER"]
[SourceTitle "playchess.com"]
[Source "ChessBase"]
[SourceQuality "1"]
[WhiteTeam "Heimbach-Weis-Neuwied"]
[BlackTeam "Baden-Baden"]
[TimeControl "40/5400+30:1800+30"]

1. e4 c5 2. Nf3 d6 3. Bb5+ Nd7 4. O-O a6 5. Bxd7+ Bxd7 6. c3 Nf6 7. Re1 Bc6 8. d4 Bxe4 9. Bg5 Bd5 10. c4 {[%emt 0:00:00] Against e6} Bxf3 (10... Bxc4 {keeps more tension.} 11. Nc3 Qd7 12. Qc2 cxd4 13. Na4 d3) 11. Qxf3 {[%emt 0:00:30] and dxc5 would now be decisive} cxd4 12. Bxf6 gxf6 13. Qxf6 Rg8 14. Qxd4 Bg7 15. Qd2 Rc8 16. Qb4 Qd7 17. Nd2 Kf8 18. Re4 Bf6 19. Rae1 b5 20. g3 Rg5 21. Nf3 ({White should play} 21. Qa3 $11) 21... Rgc5 22. b3 bxc4 (22... Qh3 $15 23. Rf4 h5) 23. bxc4 $11 a5 24. Qb3 d5 1/2-1/2

[Event "German Bundesliga 2024-25"]
[Site "Germany"]
[Date "2025.01.12"]
[Round "6"]
[White "Nasuta, Grzegorz"]
[Black "Vachier-Lagrave, Maxime"]
[Result "1/2-1/2"]
[Annotator "TA"]
[ECO "B33"]
[WhiteElo "2497"]
[BlackElo "2737"]
[PlyCount "75"]
[EventDate "2024.09.27"]
[EventType "team-tourn"]
[EventCountry "GER"]
[SourceTitle "playchess.com"]
[Source "ChessBase"]
[SourceQuality "1"]
[WhiteTeam "Heimbach-Weis-Neuwied"]
[BlackTeam "Baden-Baden"]
[TimeControl "40/5400+30:1800+30"]

1. e4 c5 2. Nf3 Nc6 3. d4 cxd4 4. Nxd4 Nf6 5. Nc3 e5 6. Ndb5 d6 7. Bg5 a6 8. Na3 b5 9. Nd5 Be7 10. Bxf6 Bxf6 11. c3 Ne7 12. Nxf6+ gxf6 13. Be2 f5 14. exf5 {[%emt 0:12:30] White is more active.} Bxf5 15. Nc2 O-O 16. O-O Qb6 17. Qd2 Kh8 18. Rfd1 d5 19. a4 bxa4 20. Ne3 Be4 21. Bd3 f5 22. Bxe4 fxe4 23. Nxd5 ({Much less strong is} 23. Rxa4 Rad8 $16) (23. h3 $14) 23... Nxd5 $11 24. Qxd5 {[%emt 0:00:06] aiming for Rd2.} Qxf2+ 25. Kh1 Qf5 26. Re1 (26. Rxa4 $2 Qf1+ 27. Rxf1 Rxf1#) 26... e3 27. Qc5 (27. Rxe3 $2 {leads to mate.} Qf1+ 28. Rxf1 Rxf1#) 27... Rab8 28. Qxe3 Rxb2 29. h3 Rg8 30. Qxe5+ Qxe5 31. Rxe5 Rbxg2 {[%emt 0:02:00][%mdl 4096] Endgame KRR-KRR. Black is a pawn up.} 32. Ra5 R2g3 33. Kh2 $1 Rxc3 34. R5xa4 Rc2+ 35. Kh1 Rg3 36. h4 Rh3+ 37. Kg1 Rc8 38. Kg2 1/2-1/2

[Event "German Bundesliga 2024-25"]
[Site "Germany"]
[Date "2025.01.12"]
[Round "6"]
[White "Winterberg, Lukas"]
[Black "Deac, Bogdan-Daniel"]
[Result "1/2-1/2"]
[Annotator "TA"]
[ECO "E10"]
[WhiteElo "2410"]
[BlackElo "2687"]
[PlyCount "73"]
[EventDate "2024.09.27"]
[EventType "team-tourn"]
[EventCountry "GER"]
[SourceTitle "playchess.com"]
[Source "ChessBase"]
[SourceQuality "1"]
[WhiteTeam "Heimbach-Weis-Neuwied"]
[BlackTeam "Baden-Baden"]
[TimeControl "40/5400+30:1800+30"]

1. d4 Nf6 2. Nf3 e6 3. c4 h6 4. Nc3 Bb4 5. Bd2 c5 6. e3 d6 7. a3 Bxc3 8. Bxc3 Ne4 9. Qc2 Nxc3 10. Qxc3 (10. dxc5 $5 dxc5 11. Qxc3 $11) 10... O-O 11. dxc5 dxc5 12. Bd3 Nd7 13. O-O-O Qe7 14. g4 b6 15. Ne5 {[%emt 0:19:30] White is much more active. The black rooks are passive.} (15. g5 $14) 15... Nxe5 $1 $11 16. Qxe5 Bb7 {[%emt 0:01:30] Wards off Qe4} 17. Be4 Rad8 (17... Bxe4 {simplifies} 18. Qxe4 Qh4 19. Qg2 f5) 18. Rxd8 Rxd8 19. Rd1 Rxd1+ 20. Kxd1 {[%emt 0:00:30] And now Qb8+ would win.} Bxe4 21. Qxe4 {[%emt 0:00:30][%mdl 4096] Endgame KQ-KQ} Qd6+ 22. Ke2 Qxh2 23. Qa8+ Kh7 {[%emt 0:00:00] White must now prevent ...Qh3.} 24. Qxa7 Qg2 25. Qxf7 Qxg4+ 26. Kd3 $1 h5 27. Qf4 Qd1+ 28. Ke4 Qd7 29. Kf3 e5 30. Qe4+ (30. Qxe5 $2 Qg4#) 30... g6 31. Kg2 (31. Qxe5 $2 Qg4#) 31... Qd6 32. Qb7+ Kh6 33. Qf7 Qc6+ 34. Kh2 Qd6 35. Kg2 Qc6+ 36. Kh2 Qd6 {[%emt 0:00:46] Inhibits Qf8+.} 37. Kg2 1/2-1/2

[Event "German Bundesliga 2024-25"]
[Site "Germany"]
[Date "2025.01.12"]
[Round "6.1"]
[White "Grandelius, Nils"]
[Black "Saric, Ivan"]
[Result "1-0"]
[Annotator "TA"]
[ECO "B92"]
[WhiteElo "2639"]
[BlackElo "2668"]
[PlyCount "65"]
[EventDate "2024.09.27"]
[EventType "team-tourn"]
[EventCountry "GER"]
[SourceTitle "playchess.com"]
[Source "ChessBase"]
[SourceQuality "1"]
[WhiteTeam "Hamburg"]
[BlackTeam "Kirchweyhe"]
[TimeControl "40/5400+30:1800+30"]

1. e4 c5 2. Nf3 d6 3. d4 cxd4 4. Nxd4 Nf6 5. Nc3 a6 6. Be2 e5 7. Nb3 Be7 8. Be3 Be6 9. f4 exf4 10. Bxf4 Nc6 11. Qd2 a5 (11... d5 $11 {remains equal.}) 12. Nd4 $16 Nxd4 13. Qxd4 O-O 14. O-O-O a4 15. Bxd6 {[%emt 0:08:51] White has more active pieces.} (15. Nxa4 $6 Qa5 16. b3 (16. Bxd6 $2 Bxd6 17. Qxd6 Qxa4 $19) 16... d5 17. exd5 Nxd5 $11) 15... Bxd6 16. Qxd6 Qa5 17. a3 Rfc8 18. Qg3 Rc5 19. Rd4 b5 (19... Rac8 {might work better.} 20. Kb1 (20. Nxa4 $2 Rxc2+ 21. Kb1 Rxe2 $19) (20. Rxa4 Qxa4 21. Nxa4 Rxc2+ 22. Kb1 Nxe4 $19) 20... Rg5) 20. Rhd1 Rac8 21. Qd3 {[%emt 0:05:14] Rd8+ would now be deadly.} Ne8 22. Qe3 (22. Nxb5 Rxc2+ (22... Bc4 23. Rxc4 Rxc4 24. Nc3 $14) 23. Kb1 Bc4 24. Qxc2 Ba2+ 25. Kxa2 Rxc2 $11) 22... Qc7 23. h3 (23. Bxb5 $2 Rxb5 (23... Qxh2 $2 24. Rd8 $18) 24. Qg3 Qxg3 25. hxg3 Rg5 $19) 23... h6 24. R1d2 (24. Bxb5 $2 Rxb5 25. Qd3 Rg5 $19) 24... Rb8 25. Rb4 Nd6 26. Nxa4 Rg5 {[%emt 0:00:05] [#]} 27. g4 $1 bxa4 {[%emt 0:07:52] [#]} (27... Nc4 28. Bxc4) 28. Rxb8+ $1 Qxb8 29. Qf4 Bxg4 $2 (29... Qa7) 30. hxg4 $18 (30. Qxd6 $2 {perishes.} Qxd6 31. Rxd6 Bxe2 $19) 30... Rg6 31. e5 Ne8 32. Bc4 Nf6 {[%emt 0:02:12] [#]} 33. Bxf7+ $1 1-0

[Event "German Bundesliga 2024-25"]
[Site "Germany"]
[Date "2025.01.12"]
[Round "6.1"]
[White "Ivic, Velimir"]
[Black "Warmerdam, Max"]
[Result "1-0"]
[Annotator "TA"]
[ECO "B06"]
[WhiteElo "2622"]
[BlackElo "2653"]
[PlyCount "81"]
[EventDate "2024.09.27"]
[EventType "team-tourn"]
[EventCountry "GER"]
[SourceTitle "playchess.com"]
[Source "ChessBase"]
[SourceQuality "1"]
[WhiteTeam "Werder Bremen"]
[BlackTeam "SG Solingen"]
[TimeControl "40/5400+30:1800+30"]

1. e4 g6 2. d4 d6 3. Nc3 Bg7 4. Be3 a6 5. h4 h5 6. Nf3 Nf6 7. Bd3 O-O 8. Qd2 Ng4 9. Bg5 c5 10. d5 b5 11. O-O Nd7 12. Rfe1 Re8 13. Bf1 Qc7 14. Rad1 (14. Nd1 $11) 14... Ndf6 (14... b4 $15 15. Ne2 Bxb2) 15. Bf4 $11 b4 16. Nb1 $1 Bb7 17. c4 Rad8 18. Qc2 e5 19. Bc1 Bc8 20. Ng5 Nh7 21. Nxh7 Kxh7 22. f3 Nh6 23. a3 a5 24. axb4 axb4 25. Bd3 Qe7 ({Black should try} 25... Rg8 $17) 26. Bg5 f6 27. Be3 Rg8 28. Nd2 Rdf8 29. Ra1 {[%emt 0:05:16] [#]} g5 $1 30. Bf2 {[%emt 0:02:06] [#]} Bh8 (30... Kh8 $1 $17) 31. Nf1 $36 {[%emt 0:01:38][%mdl 2048] White is more active.} g4 {[%emt 0:05:22] [#]} (31... Bg7 $11) 32. f4 $1 $14 exf4 33. g3 $1 fxg3 (33... Qc7 $14) 34. Bxg3 ({Better is} 34. Nxg3 $16 {[%cal Of2e3] Be3! would now be deadly.} Qe5 35. Kg2) 34... f5 35. exf5 Bd4+ 36. Kg2 $1 Qf6 37. Nd2 ({White has to play} 37. Ra8 $1 $11 b3 (37... Nxf5 $2 38. Rxc8 b3 39. Bxf5+ Qxf5 40. Qxf5+ Rxf5 41. Rxg8 $18) (37... Bxf5 38. Re6 $11) (37... Bxb2 $2 38. Rxc8 Rxc8 39. Re6 $18) 38. Qb1 Bxf5 (38... Nxf5 $2 39. Rxc8 Kh8 40. Rxf8 $18) 39. Re6) 37... b3 $2 (37... Bxf5 $6 38. Re6 Bxd3 39. Qxd3+ Qf5 40. Qb3 $11) (37... Bxb2 $2 38. Ne4 Bxa1 (38... Qd4 $2 39. Ra7+ Rg7 40. Ra8 $18) 39. Nxf6+ Bxf6 40. Bxd6 $18) (37... Nxf5 $17 {[%cal Oh7h8] keeps the pressure on. aiming for ...Kh8!.} 38. Bxf5+ Bxf5) 38. Nxb3 $16 Bxb2 $2 (38... Bxf5 $16 {keeps fighting.} 39. Nxd4 (39. Re6 Bxd3 40. Ra7+ Rg7 $11) 39... cxd4 (39... Qxd4 $2 {loses.} 40. Bxf5+ Nxf5 41. Bxd6 $18)) 39. Ra7+ Kh8 $2 (39... Rg7 40. Rxg7+ Kxg7) 40. Ree7 $18 Rg7 41. Rxg7 1-0

[Event "German Bundesliga 2024-25"]
[Site "Germany"]
[Date "2025.01.12"]
[Round "6.1"]
[White "Kazakouski, Valery"]
[Black "Narayanan S L"]
[Result "1-0"]
[Annotator "TA"]
[ECO "C47"]
[WhiteElo "2567"]
[BlackElo "2638"]
[PlyCount "113"]
[EventDate "2024.09.27"]
[EventType "team-tourn"]
[EventCountry "GER"]
[SourceTitle "playchess.com"]
[Source "ChessBase"]
[SourceQuality "1"]
[WhiteTeam "Bad Mergentheim"]
[BlackTeam "Deggendorf"]
[TimeControl "40/5400+30:1800+30"]

1. e4 e5 2. Nf3 Nc6 3. Nc3 Nf6 4. d4 Bb4 5. Nxe5 Bxc3+ 6. bxc3 Qe7 $1 7. f3 Nxe5 8. dxe5 Qxe5 9. Qd4 d6 10. a4 (10. Qxe5+ dxe5 11. Bb5+ Bd7 12. Bc4) 10... a5 11. Bd3 O-O 12. O-O (12. Qxe5 {simplifies} dxe5 13. Kf2 b6 14. Rd1) 12... Re8 13. Rb1 Nd7 14. Bb5 c6 ({Black should play} 14... b6 $11) 15. Bd3 $14 Nc5 16. Ba3 h5 17. Rf2 h4 (17... Qxd4 $11 18. cxd4 Nxa4 (18... Nxd3 19. cxd3 d5 20. Rb6 $16)) 18. Qxe5 Rxe5 19. Rd2 Nxa4 20. Bxd6 Re6 21. Bf1 Nxc3 22. Ra1 {[%emt 0:00:36] and Bb4 should not be overlooked} b5 (22... Nd5 $1 $11 {remains equal.} 23. Bc5 (23. exd5 $2 Rxd6 24. c4 cxd5 $19) 23... Nf6) 23. Bb4 $16 {[%emt 0:02:15][%mdl 1024] White has strong compensation.} Na4 24. Rd8+ Kh7 25. Be1 $36 {[%emt 0:01:10][%cal Od8f8][%mdl 2048] Black is under strong pressure. White has more active pieces.} h3 26. g3 (26. gxh3 Re7 $16) 26... Rf6 (26... Re7 $16) 27. f4 $18 (27. Bxh3 Bxh3 28. Rxa8 Rxf3 29. Bxa5 Nc5 $14) 27... Bb7 28. Rxa8 Bxa8 29. e5 (29. Bxh3 c5 30. e5 (30. Bxa5 Bxe4 31. Bd7 Bc6 $11) 30... Rb6) 29... Re6 30. Bxh3 Re7 31. Bxa5 c5 {[%emt 0:00:06] [#]} 32. c4 $1 Bc6 33. Bf5+ g6 34. cxb5 Bxb5 35. Bc2 Ra7 36. Be1 (36. Rxa4 $2 Bxa4 37. Bxa4 Rxa5 $19) 36... c4 37. Kf2 Ra6 38. Ke3 Kg7 39. g4 f6 (39... Nc5 $142 40. Rxa6 Bxa6) 40. Rb1 Bc6 41. exf6+ Kxf6 42. Kd4 Bd7 43. Bh4+ (43. Kxc4 Rc6+ 44. Kd3 Nc5+ 45. Ke3 Bxg4 $14) 43... Kf7 44. Rb7 (44. Kxc4 Rc6+ 45. Kd3 Nc5+ 46. Ke3 Bxg4 $11) 44... Ke8 $2 (44... Rd6+ 45. Kxc4 Rc6+ 46. Kb4 Nc5) 45. f5 (45. Kxc4 Rc6+ (45... Bxg4 $2 {too greedy.} 46. Re7+ Kf8 47. Kb5 $18) 46. Kd4 Rxc2 47. Rb8+ Kf7 $17) 45... gxf5 46. gxf5 Rd6+ 47. Ke5 $1 ({Stronger than} 47. Kxc4 Rc6+ 48. Kd4 Rxc2 $17) 47... Rd2 48. Rb8+ Kf7 {[%emt 0:00:00] [#]} 49. Be4 $1 {[%emt 0:00:00] White wants to mate with Bf3.} Re2 50. Kf4 Nc3 {[%emt 0:00:00] Against Bd5+} 51. Bf3 Rxh2 52. Bh5+ {[%emt 0:00:00] A strong pair of Bishops.} Kg7 {[%emt 0:00:00] [#]} 53. f6+ $1 Kh7 54. f7 Nd5+ 55. Ke5 Rxh4 56. f8=Q (56. f8=B Rxh5+ 57. Kd4 c3 $19) 56... Rxh5+ 57. Kd6 1-0

[Event "German Bundesliga 2024-25"]
[Site "Germany"]
[Date "2025.01.12"]
[Round "6.2"]
[White "Indjic, Aleksandar"]
[Black "Pultinevicius, Paulius"]
[Result "1-0"]
[Annotator "TA"]
[ECO "A13"]
[WhiteElo "2647"]
[BlackElo "2579"]
[PlyCount "175"]
[EventDate "2024.09.27"]
[EventType "team-tourn"]
[EventCountry "GER"]
[SourceTitle "playchess.com"]
[Source "ChessBase"]
[SourceQuality "1"]
[WhiteTeam "Deggendorf"]
[BlackTeam "Bad Mergentheim"]
[TimeControl "40/5400+30:1800+30"]

1. Nf3 Nf6 2. c4 e6 3. g3 d5 4. Bg2 dxc4 5. Qa4+ Nbd7 6. Qxc4 a6 7. Qc2 c5 8. O-O b5 9. a4 Bb7 10. Nc3 Qb6 11. d3 Be7 12. e4 O-O 13. Be3 Ng4 14. Bf4 Bf6 15. Ne2 Rac8 16. axb5 axb5 17. h3 Nge5 18. Nxe5 Nxe5 19. Be3 Rfd8 20. Rfd1 b4 21. Nc1 Qb5 22. f4 Nd7 23. Nb3 Bd4 24. Bxd4 cxd4 25. Qf2 Nc5 26. Nxd4 Qd7 27. Nf3 Nb3 28. Rab1 Qc7 29. Qe3 Qc2 30. d4 Qxe4 31. Qxb3 Bd5 32. Qd3 Qxd3 33. Rxd3 Be4 34. Rbd1 Bxd3 35. Rxd3 Rc2 36. Rb3 Ra8 37. Rxb4 g6 38. g4 Ra2 39. f5 exf5 40. gxf5 Raxb2 41. Rxb2 Rxb2 42. fxg6 fxg6 43. Kh2 Kg7 44. Kg3 Kf6 45. h4 Rb3 46. Bh3 h6 47. Kf4 Ke7 48. Ke4 Kd6 49. Bg4 Rb1 50. Bc8 Ra1 51. Bh3 (51. Ne5 $16) 51... Rc1 $14 52. Kd3 Ra1 53. Bg2 $1 Ra5 54. Ke4 Ra1 (54... Ra2 $16) 55. Nd2 ({White should try} 55. Ne5 $18) 55... Re1+ (55... Ra2 $16 56. Ke3 Ra3+ 57. Kf4 Ke7) 56. Kd3 $18 Rg1 (56... Ke7 $142 57. Nf3 Rd1+ 58. Ke2 Ra1) 57. Nc4+ $18 Ke7 {[%emt 0:00:05] [#]} 58. Ne3 $1 Kd6 59. Ke4 Ke7 $2 (59... Rc1 60. Bf3 Rc8) 60. d5 $18 Ra1 61. Ke5 Re1 {[%emt 0:00:24] [#]} 62. Kd4 $1 (62. d6+ Kd7 63. Kd4 (63. Bh3+ Kc6 $11) 63... Kxd6 $11) 62... Re2 63. Kd3 Rf2 64. Be4 Rf4 (64... g5 $142 65. Nf5+ Kd7) 65. Bxg6 $18 Kf6 66. Ng2 $2 (66. Bf5 {Threatens to win with d6.} Rxh4 67. d6) 66... Rg4 $18 67. Be4 Ke5 68. Bf3 Ra4 $2 (68... Rd4+ 69. Ke3 Ra4) 69. Ke3 $2 (69. h5 Rb4 70. Kc3) 69... Rb4 $2 (69... h5 70. Kf2 (70. Bxh5 Ra3+ 71. Kf2 Kxd5 $16) 70... Ra2+ 71. Kg3 Ra7) 70. h5 $18 Rb3+ 71. Kf2 Rd3 72. Kg3 Kf5 73. Nh4+ Kg5 74. Ng6 Kf5 75. Kf2 Ra3 76. Ke2 Rc3 77. Kd2 ({Stronger than} 77. d6 Ke6 $11) 77... Ra3 78. Be2 Ra2+ 79. Ke3 Ra4 80. Bb5 Rb4 81. Bc6 Re4+ 82. Kd3 Rb4 83. Kc3 Rb1 84. Kd4 Rd1+ 85. Kc5 Rc1+ 86. Kb6 Kg5 87. d6 Rd1 88. Kc7 1-0

[Event "German Bundesliga 2024-25"]
[Site "Germany"]
[Date "2025.01.12"]
[Round "6.2"]
[White "L'Ami, Erwin"]
[Black "McShane, Luke J"]
[Result "1/2-1/2"]
[Annotator "TA"]
[ECO "C45"]
[WhiteElo "2614"]
[BlackElo "2609"]
[PlyCount "91"]
[EventDate "2024.09.27"]
[EventType "team-tourn"]
[EventCountry "GER"]
[SourceTitle "playchess.com"]
[Source "ChessBase"]
[SourceQuality "1"]
[WhiteTeam "SG Solingen"]
[BlackTeam "Werder Bremen"]
[TimeControl "40/5400+30:1800+30"]

1. e4 e5 2. Nf3 Nc6 3. d4 exd4 4. Nxd4 Bb4+ 5. c3 Be7 6. Nf5 Bf6 7. Ne3 Nge7 8. Be2 Bg5 9. O-O Bf4 10. c4 O-O 11. Nc3 d6 12. Ned5 Bxc1 13. Rxc1 Be6 14. f4 f6 15. Bg4 (15. a3 $16) 15... Bxg4 $14 16. Qxg4 Rf7 17. Rcd1 Qc8 18. Qh5 (18. Qe2 {simplifies} a6 19. Rf3 Nxd5 20. exd5 Ne7 21. Re3) 18... a6 19. Rd3 Ng6 20. Ne3 (20. Rh3 {feels hotter.} Nf8 21. Rg3 Ne7 22. Nxe7+ Rxe7 23. e5) 20... Nb4 21. Rd2 Qb8 22. g3 Qa7 23. Qf3 Re8 24. Kg2 Ne7 25. Qf2 Nbc6 26. Re1 Nd8 27. Ned5 Qxf2+ 28. Kxf2 Nc8 29. b4 Ne6 30. Ne3 g6 31. Ncd5 Kg7 32. h4 c6 {[%emt 0:01:12] [#]} 33. Nc3 $1 Rfe7 34. Red1 a5 35. a3 axb4 36. axb4 Nc7 37. Rd3 Na6 38. Rb1 Nb8 39. Kf3 Nd7 (39... h5 $14) 40. Rbd1 Nf8 41. c5 dxc5 42. bxc5 Ne6 43. Na4 Nf8 44. Nc3 Ne6 45. Na4 Nf8 $1 46. Nc3 1/2-1/2

[Event "German Bundesliga 2024-25"]
[Site "Germany"]
[Date "2025.01.12"]
[Round "6.2"]
[White "Predojevic, Borki"]
[Black "Svane, Frederik"]
[Result "1/2-1/2"]
[Annotator "TA"]
[ECO "B23"]
[WhiteElo "2565"]
[BlackElo "2654"]
[PlyCount "41"]
[EventDate "2024.09.27"]
[EventType "team-tourn"]
[EventCountry "GER"]
[SourceTitle "playchess.com"]
[Source "ChessBase"]
[SourceQuality "1"]
[WhiteTeam "Kirchweyhe"]
[BlackTeam "Hamburg"]
[TimeControl "40/5400+30:1800+30"]

1. e4 c5 2. Nc3 d6 3. d4 cxd4 4. Qxd4 Nc6 5. Qd2 g6 6. b3 Bh6 7. f4 Nf6 8. Bb2 O-O 9. O-O-O a5 10. a4 Nb4 11. Kb1 Qb6 12. Nf3 Bg4 13. Bc4 Rac8 14. Rhf1 Rxc4 15. bxc4 Rc8 16. h3 Be6 17. e5 Ne8 $1 18. Rfe1 Rxc4 19. exd6 Qxd6 (19... Nxd6 $11 20. Rxe6 (20. Nd4 $2 Bg7 $19) 20... fxe6) 20. Qxd6 $16 Nxd6 21. Nd4 1/2-1/2

[Event "German Bundesliga 2024-25"]
[Site "Germany"]
[Date "2025.01.12"]
[Round "6.3"]
[White "Svane, Rasmus"]
[Black "Kadric, Denis"]
[Result "1/2-1/2"]
[Annotator "TA"]
[ECO "C41"]
[WhiteElo "2628"]
[BlackElo "2562"]
[PlyCount "47"]
[EventDate "2024.09.27"]
[EventType "team-tourn"]
[EventCountry "GER"]
[SourceTitle "playchess.com"]
[Source "ChessBase"]
[SourceQuality "1"]
[WhiteTeam "Hamburg"]
[BlackTeam "Kirchweyhe"]
[TimeControl "40/5400+30:1800+30"]

1. d4 d6 2. e4 Nf6 3. Nc3 e5 4. Nf3 Nbd7 5. Bc4 Be7 6. O-O O-O 7. a4 c6 8. Re1 h6 9. h3 Re8 10. a5 Bf8 11. Be3 exd4 12. Bxd4 Qc7 13. Nd2 Rb8 14. Bxa7 {[%emt 0:00:30] White is much more active.} (14. b4 $1 $14 {was preferable.}) 14... Ra8 $11 15. Bd4 Rxa5 16. b4 Rxa1 17. Qxa1 d5 18. exd5 Rxe1+ 19. Qxe1 Bxb4 20. dxc6 bxc6 21. Nde4 Nxe4 22. Qxe4 Nf8 $1 {Repels Qg6} 23. Ne2 Bd6 24. Bc3 1/2-1/2

[Event "German Bundesliga 2024-25"]
[Site "Germany"]
[Date "2025.01.12"]
[Round "6.3"]
[White "Areshchenko, Alexander"]
[Black "Ragger, Markus"]
[Result "1/2-1/2"]
[Annotator "TA"]
[ECO "C50"]
[WhiteElo "2606"]
[BlackElo "2579"]
[PlyCount "48"]
[EventDate "2024.09.27"]
[EventType "team-tourn"]
[EventCountry "GER"]
[SourceTitle "playchess.com"]
[Source "ChessBase"]
[SourceQuality "1"]
[WhiteTeam "Werder Bremen"]
[BlackTeam "SG Solingen"]
[TimeControl "40/5400+30:1800+30"]

1. e4 e5 2. Nf3 Nc6 3. Bc4 Bc5 4. d3 d6 5. a4 Nf6 6. Nc3 O-O 7. h3 Be6 8. O-O a5 9. Bxe6 fxe6 10. Be3 Bxe3 11. fxe3 d5 12. exd5 exd5 13. e4 Qd6 14. Qe2 dxe4 15. Nxe4 Nd4 16. Nxf6+ Rxf6 17. Nxd4 Qxd4+ 18. Kh2 (18. Kh1 {keeps more tension.} Qxb2 19. Qe4 h6 20. Kh2) 18... Raf8 19. Rxf6 Rxf6 $11 {[%emt 0:00:13] KQR-KQR} 20. Re1 Rf2 21. Qxe5 Qxe5+ 22. Rxe5 Rxc2 23. Rxa5 Rxb2 24. Rd5 c6 1/2-1/2

[Event "German Bundesliga 2024-25"]
[Site "Germany"]
[Date "2025.01.12"]
[Round "6.3"]
[White "Laurusas, Tomas"]
[Black "Sankalp Gupta"]
[Result "1/2-1/2"]
[Annotator "TA"]
[ECO "D27"]
[WhiteElo "2579"]
[BlackElo "2550"]
[PlyCount "49"]
[EventDate "2024.09.27"]
[EventType "team-tourn"]
[EventCountry "GER"]
[SourceTitle "playchess.com"]
[Source "ChessBase"]
[SourceQuality "1"]
[WhiteTeam "Bad Mergentheim"]
[BlackTeam "Deggendorf"]
[TimeControl "40/5400+30:1800+30"]

1. d4 d5 2. c4 dxc4 3. Nf3 Nf6 4. e3 e6 5. Bxc4 c5 6. O-O a6 7. b3 cxd4 8. Nxd4 Be7 9. Bb2 O-O 10. Nd2 b5 11. Be2 Bb7 12. a4 bxa4 13. Rxa4 Nbd7 14. Bf3 Nd5 15. Nc4 Rc8 16. Qe2 Qc7 17. Raa1 Nc5 18. Na5 Ba8 19. Rfc1 {[%emt 0:00:12] Black must now prevent Bxd5.} Qb6 20. Nc4 Qb8 21. Ba3 Rfe8 22. Na5 {[%emt 0:04:09][%cal Ob3b4] b4! poses a challenge} Qb6 (22... Bf8 $5) 23. Nc4 (23. Qc4 $5) 23... Qb8 24. Na5 Qb6 25. Nc4 (25. Qc4 $5) 1/2-1/2

[Event "German Bundesliga 2024-25"]
[Site "Germany"]
[Date "2025.01.12"]
[Round "6.4"]
[White "Andersen, Mads"]
[Black "Efimenko, Zahar"]
[Result "0-1"]
[Annotator "TA"]
[ECO "C54"]
[WhiteElo "2595"]
[BlackElo "2567"]
[PlyCount "120"]
[EventDate "2024.09.27"]
[EventType "team-tourn"]
[EventCountry "GER"]
[SourceTitle "playchess.com"]
[Source "ChessBase"]
[SourceQuality "1"]
[WhiteTeam "SG Solingen"]
[BlackTeam "Werder Bremen"]
[TimeControl "40/5400+30:1800+30"]

1. e4 e5 2. Nf3 Nc6 3. Bc4 Bc5 4. c3 Nf6 5. d3 d6 6. O-O h6 7. Re1 O-O 8. h3 a5 9. d4 Bb6 10. Bb3 Re8 11. Bc2 exd4 12. cxd4 Nb4 13. Nc3 Nxc2 14. Qxc2 c6 15. Re2 Be6 16. Be3 d5 17. e5 Nd7 18. Na4 Bc7 19. Nh2 b5 20. Nc5 Nxc5 21. Qxc5 Rc8 22. Qxc6 Bxe5 $1 23. Qxb5 Bd6 24. Nf3 Bf5 25. Rc1 (25. Qxd5 $2 Bh2+ 26. Kxh2 Qxd5 $19) 25... Rb8 26. Qa4 $1 (26. Qxd5 $2 Bh2+ 27. Kxh2 Qxd5 $19) 26... f6 27. Qd1 Qd7 28. b3 (28. Ne1 $11) 28... Bxh3 $1 $17 {[%emt 0:03:48] Black is much more active.} 29. gxh3 (29. Ne1 $17) 29... Qxh3 $19 30. Bd2 Qg4+ 31. Kf1 {[%emt 0:00:04] and Ng1 should not be overlooked} Qh3+ $40 {[%emt 0:00:06][%mdl 128] Black mounts an attack.} 32. Kg1 {[%emt 0:00:05] [#]} Re4 $1 33. Rxe4 dxe4 34. Ne5 (34. Ne1 Bh2+ 35. Kh1 Bg3+ 36. Kg1 Qh2+ 37. Kf1 Qxf2#) 34... fxe5 35. Rc3 Qe6 36. Be3 $2 (36. d5 $17 {is more resistant.} Qxd5 37. Qc2) 36... Rd8 $2 (36... exd4 $19 37. Qxd4 Qg4+ 38. Kf1 Qh3+ 39. Ke2 Qf3+ 40. Kf1 Bb4) 37. Rc4 $17 Be7 38. Qh5 {[%emt 0:01:04] [#]} (38. d5 $17) 38... exd4 (38... Rd5 $1 $19 {and Black stays clearly on top. aiming for ...exd4.} 39. dxe5 Rxe5 40. Qe8+ Kh7) 39. Rxd4 Rxd4 40. Bxd4 $19 {[%emt 0:02:29][%mdl 4096] Endgame KQB-KQB. Black is a pawn up.} Bg5 41. Qe2 Qd5 42. Bb6 Kh7 43. Qe1 (43. Qh5 $17) 43... Bd2 44. Qe2 Bb4 45. Qg4 h5 46. Qh4 $2 (46. Qh3 $17) 46... Qd1+ 47. Kg2 Qf3+ 48. Kg1 Bc3 49. Bd8 (49. Be3 {is a better defense.}) 49... Be1 50. Kf1 $2 (50. Qg3) 50... Bd2 {[%emt 0:00:06] ( -> ...e3)} 51. Qg3 Qd3+ 52. Qxd3 exd3 {[%emt 0:00:03] KB-KB. Black is a pawn up.} 53. a3 Kg6 54. Be7 Kf7 55. Bc5 Ke6 56. b4 a4 57. b5 Kd5 58. Bf8 g6 {[%emt 0:00:05] ( -> ...Ba5)} 59. Kg2 Ba5 60. Kf3 Kc4 0-1

[Event "German Bundesliga 2024-25"]
[Site "Germany"]
[Date "2025.01.12"]
[Round "6.4"]
[White "Markus, Robert"]
[Black "Mendonca, Leon Luke"]
[Result "1/2-1/2"]
[Annotator "TA"]
[ECO "C00"]
[WhiteElo "2592"]
[BlackElo "2639"]
[PlyCount "70"]
[EventDate "2024.09.27"]
[EventType "team-tourn"]
[EventCountry "GER"]
[SourceTitle "playchess.com"]
[Source "ChessBase"]
[SourceQuality "1"]
[WhiteTeam "Kirchweyhe"]
[BlackTeam "Hamburg"]
[TimeControl "40/5400+30:1800+30"]

1. Nf3 d5 2. g3 Nf6 3. Bg2 c5 4. d3 Nc6 5. O-O e6 6. Nbd2 Be7 7. e4 O-O 8. Re1 Qc7 9. c3 b5 10. exd5 exd5 11. Nb3 Bg4 (11... Qb6 $5) 12. h3 Bh5 13. Be3 Nd7 14. d4 c4 15. Nc1 Nb6 16. Ne2 Bg6 {[%emt 0:00:36] [#]} 17. Ne5 $1 $36 {[%emt 0:05:43][%mdl 2048] White has some pressure.} Be4 18. Nf4 Bxg2 19. Kxg2 Bd6 20. Qf3 Rad8 (20... Rae8 $11 {keeps the balance.}) 21. Nxc6 $16 ({And not} 21. Nxd5 Nxd5 22. Qxd5 Bxe5 (22... Nxe5 23. dxe5 Bxe5 24. Qxb5 $16) 23. Qxb5 Bf6 24. Qxc4 Qd7 $17) 21... Qxc6 22. Nh5 f5 {[%emt 0:21:00] Wards off Qg4} 23. Bf4 Bxf4 24. Nxf4 Rde8 {[%emt 0:00:07] Prevents Ne6} 25. Re5 {[%emt 0:01:13] White is more active.} Rxe5 26. dxe5 g5 (26... Re8 $16) 27. Ne2 (27. Nh5 $18 {is the precise move to win.}) 27... Qe6 28. Qe3 f4 $1 29. gxf4 gxf4 30. Nxf4 Qh6 $1 31. Ne2 (31. e6 $1 $14 Rxf4 (31... Qxf4 32. e7 $14) 32. Rg1) 31... Qxe3 $11 32. fxe3 Re8 33. Nd4 Rxe5 34. Nxb5 Rxe3 35. Rf1 a5 1/2-1/2